MLB
SAN FRANCISCO GIANTS @ CHICAGO CUBS
10/22/2023
 
TOP OF THE 1ST
San Francisco Giants batting - Pitching for Chicago Cubs : RHP Shohei Ohtani
Pitching: RHP Shohei Ohtani
Batting: LHB Cedric Mullins 0-0: Foul Ball, location: 3F
0-1: Ball
1-1: Ball
2-1: Foul Ball, location: 7LMF
2-2: Strikes out swinging
Batting: RHB Jose Altuve 0-0: Ball
1-0: Called Strike
1-1: Ball
2-1: SOLO HOME RUN (Flyball, 7D, EV 97.5 MPH), Distance : 373 ft
Batting: LHB Brandon Crawford 0-0: Swinging Strike
0-1: Foul Ball, location: 3F
0-2: Ball
1-2: Strikes out looking
Batting: RHB Manny Machado 0-0: Ball
1-0: Ball
2-0: Ball
3-0: Single, Error in OF, E9, batter to second base (Line Drive, 3L, EV 95.6 MPH)
Batting: LHB Eric Hosmer 0-0: Swinging Strike
0-1: Ball
1-1: Called Strike
1-2: Ball
2-2: DOUBLE (Flyball, 9LD, EV 108.1 MPH)
Manny Machado scores
Batting: SHB Yasmani Grandal 0-0: Foul Ball, location: 2F
0-1: Ball
1-1: Fly out, F4 (Popup, 34, EV 56.9 MPH)
Top of the 1st over - 2 runs, 3 hits, 1 error, 1 left on base; San Francisco 2 - Chicago 0
BOTTOM OF THE 1ST
Chicago Cubs batting - Pitching for San Francisco Giants : RHP Logan Webb
Pitching: RHP Logan Webb
Batting: RHB Yandy Díaz 0-0: Called Strike
0-1: Ground out 6-3 (Groundball, 6M, EV 81.3 MPH)
Batting: SHB Wander Franco 0-0: Ball
1-0: SINGLE (Line Drive, 3D, EV 98.1 MPH)
Batting: RHB Gleyber Torres 0-0: Ball
Wander Franco steals 2nd base
1-0: SINGLE (Groundball, 4D, EV 95.0 MPH)
Wander Franco to third
Runner from 3rd tries for Home, SAFE, throw by RF to home
Batting: RHB Julio Rodriguez 0-0: Fielders Choice at 2nd, 6-4 (Groundball, 6MD, EV 95.0 MPH)
Batting: LHB Josh Naylor 0-0: Ball
Julio Rodriguez steals 2nd base
1-0: Swinging Strike
1-1: Swinging Strike
1-2: Foul Ball, location: 2F
1-2: Ball
2-2: Ball
3-2: Foul Ball, location: 3F
3-2: 2-RUN HOME RUN (Flyball, 9D, EV 97.5 MPH), Distance : 393 ft
Batting: RHB Dansby Swanson 0-0: Ball
1-0: Called Strike
1-1: Ball
2-1: Ground out 5-3 (Groundball, 6S, EV 81.9 MPH)
Bottom of the 1st over - 3 runs, 3 hits, 0 errors, 0 left on base; San Francisco 2 - Chicago 3
TOP OF THE 2ND
San Francisco Giants batting - Pitching for Chicago Cubs : RHP Shohei Ohtani
Now at 2B: Dylan Moore
Batting: LHB Rafael Ortega 0-0: Ground out 4-3 (Groundball, 4, EV 107.5 MPH)
Batting: RHB Nick Ahmed 0-0: Foul Ball, location: 2F
0-1: Ball
1-1: Fly out, F9 (Flyball, 9S, EV 75.0 MPH)
Batting: RHB Myles Straw 0-0: Ball
1-0: Foul Ball, location: 2F
1-1: Ball
2-1: DOUBLE (Line Drive, 9LM, EV 108.1 MPH)
Batting: LHB Cedric Mullins 0-0: Ball
1-0: Called Strike
1-1: Ball
2-1: Foul Ball, location: 9LMF
2-2: Ball
3-2: Ground out 4-3 (Groundball, 4, EV 103.8 MPH)
Top of the 2nd over - 0 runs, 1 hit, 0 errors, 1 left on base; San Francisco 2 - Chicago 3
BOTTOM OF THE 2ND
Chicago Cubs batting - Pitching for San Francisco Giants : RHP Logan Webb
Batting: RHB Ty France 0-0: Ball
1-0: Foul Ball, location: 2F
1-1: Ball
2-1: Foul Ball, location: 9LSF
2-2: SINGLE (Line Drive, 78S, EV 105.6 MPH)
Batting: RHB Ramon Laureano 0-0: Called Strike
0-1: Ball
1-1: Ball
2-1: Ball
3-1: Called Strike
3-2: Strikes out looking
Batting: RHB Brian Serven 0-0: Ball
1-0: Called Strike
1-1: Foul Ball, location: 2RF
1-2: Grounds into double play, 5-4-3 (Groundball, 56, EV 92.5 MPH)
Bottom of the 2nd over - 0 runs, 1 hit, 0 errors, 0 left on base; San Francisco 2 - Chicago 3
TOP OF THE 3RD
San Francisco Giants batting - Pitching for Chicago Cubs : RHP Shohei Ohtani
Batting: RHB Jose Altuve 0-0: Ball
1-0: Ball
2-0: Foul Ball, location: 5SF
2-1: Foul Ball, location: 5F
2-2: Foul Ball, location: 2F
2-2: Fly out, F8 (Line Drive, 8LM, EV 99.4 MPH)
Batting: LHB Brandon Crawford 0-0: Ball
1-0: Ball
2-0: Foul Ball, location: 7LDF
2-1: Swinging Strike
2-2: SINGLE (Line Drive, 5D, EV 96.3 MPH)
Batting: RHB Manny Machado 0-0: Called Strike
0-1: Called Strike
0-2: Strikes out swinging
Batting: LHB Eric Hosmer 0-0: Called Strike
0-1: Ball
1-1: Swinging Strike
1-2: Strikes out swinging
Top of the 3rd over - 0 runs, 1 hit, 0 errors, 1 left on base; San Francisco 2 - Chicago 3
BOTTOM OF THE 3RD
Chicago Cubs batting - Pitching for San Francisco Giants : RHP Logan Webb
Batting: RHB Yandy Díaz 0-0: SINGLE (Line Drive, 4D, EV 97.5 MPH)
Batting: SHB Wander Franco 0-0: Fly out, F4 (Line Drive, 34D, EV 67.5 MPH)
Batting: RHB Dylan Moore 0-0: Ball
1-0: Ball
2-0: Swinging Strike
2-1: Called Strike
2-2: Fielders Choice at 2nd, 2-6 (Groundball, 13S, EV 74.4 MPH)
Batting: RHB Julio Rodriguez 0-0: Called Strike
Dylan Moore steals 2nd base (no throw)
0-1: Ball
1-1: Ball
2-1: Foul Ball, location: 2RF
2-2: Ball
3-2: Foul Ball, location: 9LMF
3-2: Foul Ball, location: 9LDF
3-2: Strikes out swinging, 2-3 out at first.
Bottom of the 3rd over - 0 runs, 1 hit, 0 errors, 1 left on base; San Francisco 2 - Chicago 3
TOP OF THE 4TH
San Francisco Giants batting - Pitching for Chicago Cubs : RHP Shohei Ohtani
Batting: SHB Yasmani Grandal 0-0: Called Strike
0-1: Swinging Strike
0-2: Ball
1-2: Ball
2-2: Ball
3-2: Base on Balls
Batting: LHB Rafael Ortega 0-0: Called Strike
0-1: Foul Ball, location: 9LMFF
0-2: Ball
1-2: Foul Ball, location: 23F
1-2: Ball
2-2: SINGLE (Line Drive, 7LS, EV 102.5 MPH)
Yasmani Grandal to second
Batting: RHB Nick Ahmed 0-0: Ball
1-0: Called Strike
1-1: Sac Bunt to 25 - play at first, batter OUT! 5-3
Yasmani Grandal to third
Rafael Ortega to second
Batting: RHB Myles Straw 0-0: Ball
1-0: Ball
Wild Pitch!
Yasmani Grandal scores
Rafael Ortega to third
2-0: Called Strike
2-1: Foul Ball, location: 7LDF
2-2: Fielders Choice at home, 4-2 (Groundball, 4, EV 109.4 MPH)
Batting: LHB Cedric Mullins 0-0: Called Strike
0-1: Called Strike
Myles Straw steals 2nd base
0-2: Foul Ball, location: 2F
0-2: Foul Ball, location: 3DF
0-2: Ball
1-2: Foul Ball, location: 2F
1-2: Ground out 4-3 (Groundball, 4, EV 104.4 MPH)
Top of the 4th over - 1 run, 1 hit, 0 errors, 1 left on base; San Francisco 3 - Chicago 3
BOTTOM OF THE 4TH
Chicago Cubs batting - Pitching for San Francisco Giants : RHP Logan Webb
Batting: LHB Josh Naylor 0-0: Ball
1-0: Ball
2-0: Foul Ball, location: 2F
2-1: Foul Ball, location: 9LDF
2-2: Fly out, F8 (Flyball, 8RXD, EV 78.1 MPH)
Batting: RHB Dansby Swanson 0-0: Called Strike
0-1: Called Strike
0-2: Ground out 4-3 (Groundball, 6MD, EV 103.8 MPH)
Batting: RHB Ty France 0-0: Ground out 4-3 (Groundball, 4MD, EV 94.4 MPH)
Bottom of the 4th over - 0 runs, 0 hits, 0 errors, 0 left on base; San Francisco 3 - Chicago 3
TOP OF THE 5TH
San Francisco Giants batting - Pitching for Chicago Cubs : RHP Shohei Ohtani
Batting: RHB Jose Altuve 0-0: Ball
1-0: Called Strike
1-1: Ground out 6-3 (Groundball, 6S, EV 85.0 MPH)
Pitching: LHP Genesis Cabrera
Batting: LHB Brandon Crawford 0-0: Called Strike
0-1: Ball
1-1: Ball
2-1: Foul Ball, location: 3SF
2-2: Foul Ball, location: 7LDF
2-2: Strikes out looking
Batting: RHB Manny Machado 0-0: Called Strike
0-1: Ball
1-1: Ball
2-1: SINGLE (Line Drive, 34, EV 95.0 MPH)
Batting: LHB Eric Hosmer 0-0: Ground out 4-3 (Groundball, 34D, EV 100.0 MPH)
Top of the 5th over - 0 runs, 1 hit, 0 errors, 1 left on base; San Francisco 3 - Chicago 3
BOTTOM OF THE 5TH
Chicago Cubs batting - Pitching for San Francisco Giants : RHP Logan Webb
Batting: RHB Ramon Laureano 0-0: Ball
1-0: Foul Ball, location: 5FF
1-1: Foul Ball, location: 2F
1-2: Ground out 6-3 (Groundball, 6M, EV 88.1 MPH)
Batting: RHB Brian Serven 0-0: Ball
1-0: Called Strike
1-1: Swinging Strike
1-2: Foul Ball, location: 2F
1-2: Strikes out swinging
Pitching: RHP Anthony DeSclafani
Batting: RHB Yandy Díaz 0-0: Swinging Strike
0-1: Foul Ball, location: 25F
0-2: Ball
1-2: Ball
2-2: Ball
3-2: Strikes out swinging
Bottom of the 5th over - 0 runs, 0 hits, 0 errors, 0 left on base; San Francisco 3 - Chicago 3
TOP OF THE 6TH
San Francisco Giants batting - Pitching for Chicago Cubs : LHP Genesis Cabrera
Batting: SHB Yasmani Grandal 0-0: Called Strike
0-1: Ball
1-1: Fly out, F4 (Popup, 4S, EV 62.5 MPH)
Pinch Hitting: RHB Austin Slater 0-0: Ball
1-0: Ball
2-0: Called Strike
2-1: Ball
3-1: Base on Balls
Batting: RHB Nick Ahmed 0-0: Called Strike
0-1: Called Strike
0-2: Ball
1-2: Foul Ball, location: 2F
1-2: Strikes out swinging
Pitching: RHP Chris Martin
Batting: RHB Myles Straw 0-0: Ball
1-0: Ball
2-0: SINGLE (Groundball, 34, EV 106.9 MPH) (infield hit)
Austin Slater to second
Batting: LHB Cedric Mullins 0-0: SINGLE (Groundball, 3S, EV 68.1 MPH) (infield hit)
Austin Slater to third
Myles Straw to second
Batting: RHB Jose Altuve 0-0: Ball
1-0: Foul Ball, location: 9LSF
1-1: Swinging Strike
1-2: Ball
2-2: Strikes out looking
Top of the 6th over - 0 runs, 2 hits, 0 errors, 3 left on base; San Francisco 3 - Chicago 3
BOTTOM OF THE 6TH
Chicago Cubs batting - Pitching for San Francisco Giants : RHP Anthony DeSclafani
Now in RF: Austin Slater
Batting: SHB Wander Franco 0-0: Ball
1-0: Called Strike
1-1: Ball
2-1: Ball
3-1: Foul Ball, location: 9LSF
3-2: Fly out, F7 (Flyball, 7, EV 90.0 MPH)
Batting: RHB Dylan Moore 0-0: Ball
1-0: Ball
2-0: Ball
3-0: Called Strike
3-1: Ground out U3 (Groundball, 3L, EV 85.0 MPH)
Batting: RHB Julio Rodriguez 0-0: SINGLE (Groundball, 34S, EV 68.1 MPH) (infield hit)
Batting: LHB Josh Naylor
Pitching: LHP Gregory Soto 0-0: Called Strike
Julio Rodriguez steals 2nd base
0-1: Ball
1-1: Foul Ball, location: 7LDF
1-2: SINGLE (Groundball, 4MD, EV 108.8 MPH)
Julio Rodriguez to third
Runner from 3rd tries for Home, SAFE, throw by CF to home
Batting: RHB Dansby Swanson 0-0: Ball
1-0: Called Strike
1-1: Called Strike
1-2: Ball
2-2: Fly out, F9 (Flyball, 9D, EV 96.9 MPH)
Bottom of the 6th over - 1 run, 2 hits, 0 errors, 1 left on base; San Francisco 3 - Chicago 4
TOP OF THE 7TH
San Francisco Giants batting - Pitching for Chicago Cubs : RHP Chris Martin
Batting: LHB Brandon Crawford 0-0: Swinging Strike
0-1: Foul Ball, location: 2F
0-2: Ball
1-2: Foul Ball, location: 2F
1-2: Foul Ball, location: 2F
1-2: Strikes out swinging
Batting: RHB Manny Machado 0-0: Called Strike
0-1: Fly out, F2 (Popup, 25F, EV 85.6 MPH)
Pitching: LHP Andrew Chafin
Batting: LHB Eric Hosmer 0-0: Ball
1-0: Called Strike
1-1: Foul Ball, location: 7LDF
1-2: Foul Ball, location: 23F
1-2: Fly out, F9 (Flyball, 89M, EV 83.8 MPH)
Top of the 7th over - 0 runs, 0 hits, 0 errors, 0 left on base; San Francisco 3 - Chicago 4
BOTTOM OF THE 7TH
Chicago Cubs batting - Pitching for San Francisco Giants : LHP Gregory Soto
Pitching: LHP Jose Quintana
Batting: RHB Ty France 0-0: Ball
1-0: Ground out 5-3 (Groundball, 5, EV 91.3 MPH)
Batting: RHB Ramon Laureano 0-0: Ground out 6-3 (Groundball, 6, EV 87.5 MPH)
Batting: RHB Brian Serven 0-0: Swinging Strike
0-1: Ball
1-1: Ball
2-1: Foul Ball, location: 9LSF
2-2: Ball
3-2: Reached on error, E5 (Groundball, 56, EV 90.6 MPH)
Batting: RHB Yandy Díaz 0-0: Ball
1-0: Called Strike
1-1: Ball
2-1: Ball
3-1: SINGLE (Groundball, 4MS, EV 71.3 MPH) (infield hit)
Brian Serven to second
Batting: SHB Wander Franco 0-0: Ball
1-0: Ball
2-0: Called Strike
2-1: Ball
3-1: Foul Ball, location: 2RF
3-2: Foul Ball, location: 2F
3-2: Base on Balls
Brian Serven to third
Yandy Díaz to second
Batting: RHB Dylan Moore 0-0: Called Strike
0-1: Foul Ball, location: 7LDF
0-2: Ball
1-2: Foul Ball, location: 2F
1-2: Ball
2-2: Fly out, F9 (Flyball, 9LM, EV 90.6 MPH)
Bottom of the 7th over - 0 runs, 1 hit, 1 error, 3 left on base; San Francisco 3 - Chicago 4
TOP OF THE 8TH
San Francisco Giants batting - Pitching for Chicago Cubs : LHP Andrew Chafin
Batting: SHB Yasmani Grandal 0-0: Ball
1-0: Ball
2-0: Ball
3-0: SINGLE (Groundball, 56D, EV 105.0 MPH)
Batting: RHB Austin Slater 0-0: Ball
1-0: Bunted foul
1-1: Sac Bunt to 15 - play at first, batter OUT! 1-3
Yasmani Grandal to second
Batting: RHB Nick Ahmed 0-0: Swinging Strike
0-1: Called Strike
0-2: Strikes out swinging
Batting: RHB Myles Straw 0-0: Ball
1-0: Ball
2-0: Called Strike
2-1: Ball
3-1: Ground out 6-3 (Groundball, 4M, EV 80.6 MPH)
Top of the 8th over - 0 runs, 1 hit, 0 errors, 1 left on base; San Francisco 3 - Chicago 4
BOTTOM OF THE 8TH
Chicago Cubs batting - Pitching for San Francisco Giants : LHP Jose Quintana
Pitching: RHP Evan Phillips
Batting: RHB Julio Rodriguez 0-0: Called Strike
0-1: Ground out 5-3 (Groundball, 15, EV 84.4 MPH)
Batting: LHB Josh Naylor 0-0: Called Strike
0-1: Ball
1-1: Ball
2-1: Ball
3-1: Foul Ball, location: 2F
3-2: Foul Ball, location: 9LSF
3-2: Ground out 4-3 (Groundball, 4, EV 85.0 MPH)
Batting: RHB Dansby Swanson 0-0: Called Strike
0-1: Ball
1-1: Fly out, F8 (Flyball, 8LD, EV 101.9 MPH)
Bottom of the 8th over - 0 runs, 0 hits, 0 errors, 0 left on base; San Francisco 3 - Chicago 4
TOP OF THE 9TH
San Francisco Giants batting - Pitching for Chicago Cubs : LHP Andrew Chafin
Pitching: RHP Andres Munoz
Batting: LHB Cedric Mullins 0-0: Ball
1-0: Called Strike
1-1: Ground out 4-3 (Groundball, 4, EV 103.8 MPH)
Batting: RHB Jose Altuve 0-0: Called Strike
0-1: Foul Ball, location: 2F
0-2: Hit by Pitch
Batting: LHB Brandon Crawford 0-0: Ball
1-0: Foul Ball, location: 3F
1-1: Ball
2-1: Ball
3-1: Called Strike
3-2: Fly out, F8 (Flyball, 8RD, EV 103.8 MPH)
Batting: RHB Manny Machado 0-0: Ball
1-0: Called Strike
1-1: Foul Ball, location: 2LF
1-2: Fly out, F7 (Flyball, 7S, EV 91.3 MPH)
Top of the 9th over - 0 runs, 0 hits, 0 errors, 1 left on base; San Francisco 3 - Chicago 4
Tuesday, October 24th , 2023 - OOTP Baseball 24.10 Build 82